 Dungeon Crawl Stone Soup version 0.20-b1-18-gaa2fd62 (webtiles) character file.

170 Inarius the Stinger (level 5, 0/39 HPs)
             Began as a Draconian Venom Mage on May 24, 2017.
             Slain by an iguana (15 damage)
             ... on level 4 of the Dungeon.
             The game lasted 00:14:47 (3257 turns).

Inarius the Stinger (Draconian Venom Mage)          Turns: 3257, Time: 00:14:47

Health: 0/39       AC:  6    Str: 10    XL:     5   Next: 25%
Magic:  2/8        EV: 12    Int: 16    God:
Gold:   270        SH:  0    Dex: 12    Spells: 1/9 levels left

rFire    x . .     SeeInvis .   x - +0 dagger (venom)
rCold    + . .     Gourm    .   (no shield)
rNeg     . . .     Faith    .   (armour unavailable)
rPois    .         Spirit   .   (helmet restricted)
rElec    .         Reflect  .   (no cloak)
rCorr    .         Harm     .   q - +0 pair of gloves
MR       .....                  (no boots)
Stlth    ++........             (no amulet)
Regen    0.2/turn               m - ring of flight
MPRegen  0.2/turn               t - ring of ice

@: no status effects
A: unfitting armour, cold-blooded, AC +5
a: Evoke Flight


You were on level 4 of the Dungeon.
You were hungry.

You visited 1 branch of the dungeon, and saw 5 of its levels.

You collected 270 gold pieces.

Inventory:

Hand Weapons
 x - a +0 dagger of venom (weapon)
Armour
 q - a +0 pair of gloves (worn)
Magical Staves
 k - an uncursed staff of earth
Jewellery
 m - a ring of flight (left hand)
 t - a ring of ice (right hand)
Wands
 w - a wand of iceblast (6/15)
Scrolls
 d - a scroll of magic mapping {unknown}
 h - 2 scrolls of blinking
 j - 2 scrolls of immolation {unknown}
 l - 4 scrolls of teleportation
 p - a scroll of fog {unknown}
 u - a scroll of fear
Potions
 c - a potion of cancellation
 e - 2 potions of heal wounds {unknown}
 f - 2 potions of haste {unknown}
 g - 2 potions of curing
 i - a potion of agility {unknown}
 r - a potion of flight {unknown}
Books
 a - a Young Poisoner's Handbook

   Spells                             Type                      Level
   a - Sting                          Conjuration/Poison           1
   b - Poisonous Vapours              Poison/Air                   2
   c - Mephitic Cloud                 Conjuration/Poison/Air       3
   d - Olgreb's Toxic Radiance        Poison                       4
   e - Venom Bolt                     Conjuration/Poison           5
 s - a book of Conjurations

   Spells                             Type                      Level
   a - Magic Dart                     Conjuration                  1
   b - Searing Ray                    Conjuration                  2
   c - Dazzling Spray                 Conjuration/Hexes            3
   d - Fulminant Prism                Conjuration/Hexes            4
   e - Force Lance                    Conjuration/Translocation    4
   f - Iskenderun's Mystic Blast      Conjuration                  4
Comestibles
 b - a bread ration
 n - 2 fruits
 o - a meat ration


   Skills:
 + Level 0.7 Fighting
 + Level 0.6 Staves
 + Level 2.5 Dodging
 + Level 2.3 Stealth
 + Level 2.6 Spellcasting
 + Level 2.4 Conjurations
 + Level 0.2 Air Magic
 + Level 4.0 Poison Magic


You had one spell level left.
You knew the following spells:

 Your Spells              Type           Power        Failure   Level  Hunger
a - Sting                 Conj/Pois      ##..         5%          1    #......
b - Poisonous Vapours     Pois/Air       #.....       12%         2    ##.....
c - Mephitic Cloud        Conj/Pois/Air  #.......     24%         3    ###....
d - Searing Ray           Conj           #.....       11%         2    ##.....


Dungeon Overview and Level Annotations

Branches:
Dungeon (5/15)
 Temple: D:4-7

Altars:
Dithmenos
Gozag
Nemelex Xobeh
Ru


Innate Abilities, Weirdness & Mutations

Your plain brown scales are hard. (AC +5)
You cannot fit into any form of body armour.
You are cold-blooded and may be slowed by cold attacks.


Message History

(Press . to maintain the ray.)
The iguana bites you!
The searing ray hits the iguana.
The iguana is lightly wounded.
The iguana bites you but does no damage.
The searing ray hits the iguana.
The iguana is moderately wounded.
The iguana bites you!
The searing ray hits the iguana.
The iguana is severely wounded.
You finish channeling your searing ray.
The iguana bites you.
Casting: Searing Ray
Confirm with . or Enter, or press ? or * to list all spells.
Aiming: Sting
Press: ? - help, Shift-Dir - straight line, f/p - iguana
Aim: an iguana (severely wounded)
The sting hits the iguana.
The iguana appears unharmed.
The iguana is severely wounded.
The iguana bites you!
You die...

.##.####.###.#####
###.##...# #.....#
....##.#.###<###.#
.##.##.#.....# #.#
.##.##.###.### #.#
....##.# #.# #.#
.##.##.###.# #.#
...#.......# #l#
.##.##.##### #@#
###.##.# #.# #
#.##.# #.#
#.##.#########.#
###.##...........#
....##############
#####


You could see an iguana.

Vanquished Creatures
  A hound (D:3)
  A bullfrog skeleton (D:4)
  Ijyb (D:4)
  An orc wizard (D:3)
  An adder (D:4)
  A worm (D:3)
  A dart slug (D:1)
  2 leopard geckos (D:2)
  3 orcs (D:3)
  7 giant cockroaches
  5 goblins
  3 hobgoblins (D:1)
  2 jackals (D:1)
  A ball python (D:3)
  5 bats
  2 frilled lizards
  2 kobolds
  5 rats
44 creatures vanquished.

Notes
Turn   | Place    | Note
-------+----------+-------------------------------------------
     0 | D:1      | Inarius the Draconian Venom Mage began the quest for the Orb.
     0 | D:1      | Reached XP level 1. HP: 14/14 MP: 3/3
   327 | D:1      | Reached XP level 2. HP: 20/20 MP: 3/5
   577 | D:1      | Found a sparkling altar of Nemelex Xobeh.
  1251 | D:2      | Reached XP level 3. HP: 26/26 MP: 4/6
  1317 | D:2      | Learned a level 2 spell: Poisonous Vapours
  1321 | D:2      | Learned a level 3 spell: Mephitic Cloud
  1839 | D:3      | Reached XP level 4. HP: 27/33 MP: 3/7
  1954 | D:3      | Found an opulent altar of Gozag.
  1972 | D:3      | Found a sacrificial altar of Ru.
  2498 | D:4      | Found a shadowy altar of Dithmenos.
  2623 | D:4      | Learned a level 2 spell: Searing Ray
  2722 | D:4      | Reached skill level 4 in Poison Magic
  2811 | D:4      | Found a sparkling altar of Nemelex Xobeh.
  2811 | D:4      | Noticed Ijyb
  2828 | D:4      | Killed Ijyb
  2828 | D:4      | Reached XP level 5. HP: 28/39 MP: 1/8
  3210 | D:5      | Entered Level 5 of the Dungeon
  3210 | D:5      | Noticed a phantom
  3257 | D:4      | Slain by an iguana

Skill      XL: |  1  2  3  4 |
---------------+-------------+-----
Stealth        | 2 |  2.3
Dodging        | 2 |  2.5
Conjurations   | 2 |  2.4
Poison Magic   | 4 |  4.0
Fighting       | |  0.7
Staves         | |  0.6
Spellcasting   | |  2.6
Air Magic      | |  0.2

Action                   |  1- 3 |  4- 6 || total
-------------------------+-------+-------++-------
Melee: Unarmed           |     3 |       ||     3
       Tailslap          |     4 |     4 ||     8
       Club              |    11 |       ||    11
       Staff             |    37 |    45 ||    82
       Dagger            |     1 |     4 ||     5
 Cast: Sting             |    32 |    15 ||    47
       Poisonous Vapours |     4 |     2 ||     6
       Searing Ray       |       |     4 ||     4
       Mephitic Cloud    |       |     2 ||     2
  Use: Scroll            |     6 |     1 ||     7
       Potion            |       |     1 ||     1
 Stab: Distracted        |     1 |       ||     1
  Eat: Chunk             |     4 |     4 ||     8
Armor: Skin              |    26 |    18 ||    44
Dodge: Dodged            |    53 |    39 ||    92
